Map: Eternal Empire LE

Players

StarTaledBOB - Winner!

  • Race: Terran Terran
  • League: Diamond
  • Spawn Location: 1:00

DanMan

  • Race: Terran Terran
  • League: Diamond
  • Spawn Location: 7:00

VOD

Have the link to the VOD?

Description

Time

  • Played on: April 27, 2020, 6:53 p.m.
  • Length: 5:43
Show
View Real Time Build Order
Export as new Build Order

StarTaledBOB Terran - Winner!

Build Orders: 1/1/1 

Get SALT Encoding   

  12  0:01  SCV  
  13  0:13  SCV  
  14  0:17  Supply Depot  
  14  0:25  SCV  
  15  0:28  Refinery  
  15  0:39  SCV  
  16  0:47  Barracks  
  16  0:52  SCV  
  17  1:02  Refinery  
  17  1:13  SCV  
  18  1:27  SCV  
  19  1:35  Marine  
  19  1:37  Factory  
  20  1:42  Orbital Command  
  20  1:52  Marine  
  21  1:58  Supply Depot  
  21  2:09  SCV  
  21  2:10  Marine  
  24  2:23  Starport  
  24  2:26  Factory Tech Lab  
  24  2:29  SCV  
  24  2:30  Marine  
  25  2:39  Supply Depot  
  25  2:41  SCV  
  26  2:49  Siege Tank  
  29  2:54  SCV  
  30  3:01  Starport Reactor  
  30  3:04  Supply Depot  
  30  3:07  Marine  
  30  3:11  SCV  
  32  3:21  Siege Tank  
  36  3:28  Supply Depot  
  36  3:29  Marine  
  36  3:36  Viking  
  36  3:40  Viking  
  40  3:45  SCV  
  41  3:53  Supply Depot  
  42  3:58  Siege Tank  
  44  4:07  Viking  
  46  4:28  Liberator  
  49  4:47  Marine  
  43  5:09  Marine  
  43  5:10  Siege Tank  
  43  5:14  Barracks  
  47  5:15  Barracks  
  47  5:19  SCV  
Show
View Real Time Build Order
Export as new Build Order

DanMan Terran 

Build Orders:  

Get SALT Encoding   

  12  0:00  SCV  
  13  0:12  SCV  
  14  0:17  Supply Depot  
  14  0:25  SCV  
  15  0:38  SCV  
  15  0:39  Barracks  
  16  0:44  Refinery  
  16  0:50  SCV  
  17  1:03  SCV  
  18  1:15  SCV  
  19  1:27  Marine  
  19  1:28  Orbital Command  
  20  1:47  Command Center  
  20  1:48  Marine  
  20  1:53  SCV  
  22  1:58  Supply Depot  
  21  2:05  SCV  
  21  2:06  Marine  
  23  2:12  Bunker  
  23  2:19  SCV  
  23  2:21  Refinery  
  24  2:24  Marine  
  25  2:31  SCV  
  25  2:37  Factory  
  26  2:43  Barracks Reactor  
  26  2:44  SCV  
  27  2:47  Supply Depot  
  27  2:56  SCV  
  28  3:00  Orbital Command  
  28  3:08  SCV  
  29  3:19  Marine x2  
  31  3:20  SCV, Factory Tech Lab  
  31  3:22  Starport  
  31  3:26  SCV  
  33  3:32  SCV  
  34  3:37  Marine x2  
  34  3:38  SCV  
  34  3:40  Cyclone  
  40  3:44  SCV  
  41  3:50  SCV  
  41  3:53  Supply Depot  
  42  3:56  SCV  
  42  3:57  Marine x2  
  42  4:00  Starport Tech Lab  
  42  4:02  SCV  
  46  4:08  SCV  
  47  4:12  Siege Tank  
  47  4:14  SCV  
  47  4:15  Marine x2  
  53  4:20  Viking  
  53  4:21  SCV  
  56  4:24  Supply Depot  
  56  4:32  Marine  
  56  4:33  Marine  
  56  4:38  SCV  
  56  4:44  SCV, Siege Tank  
  60  4:50  SCV, Viking, Marine x2  
  65  5:05  SCV  
  54  5:08  Marine x2  
  54  5:19  SCV  
Tags
 
Matchup
TvT
Opening
1/1/1
Race
Terran
Spawn Locations
Cross Positions
Add a new tag
Caveats
  • Supply blocks, unpowered buildings, or Contaminate may cause inaccurate times.
  • Supply counts are checked every 10 seconds.